 Dungeon Crawl Stone Soup version 0.24-a0-525-g9231cdcba1 (webtiles) character file.

Game seed: 17123363278788647291

17063 Flugkiller the Destroyer (level 12, -5/67 (68) HPs)
             Began as a Deep Elf Fire Elementalist on Aug 2, 2019.
             Was a Priest of Vehumet.
             Shot with an arrow by a salamander (8 damage)
             ... on level 1 of the Lair of Beasts.
             The game lasted 00:25:16 (12925 turns).

Flugkiller the Destroyer (DEFE)                    Turns: 12925, Time: 00:25:16

HP:   -5/67 (68)    AC:  1    Str:  5    XL:     12   Next: 15%
MP:   27/27         EV: 19    Int: 31    God:    Vehumet [***...]
Gold: 877           SH:  0    Dex: 19    Spells: 16/29 levels left

rFire    + . .     SeeInvis .   I - +3 demon blade (venom)
rCold    . . .     Gourm    .   (no shield)
rNeg     . . .     Faith    .   A - +0 robe {rF+}
rPois    .         Spirit   .   D - +0 helmet
rElec    .         Reflect  .   g - +0 cloak
rCorr    .         Harm     .   K - -5 pair of gloves of Anuleicso {Int+5 Dex+4}
MR       +....     Rnd*Tele +   w - +0 pair of boots
Stlth    +.........             q - amulet of magic regeneration
HPRegen  0.21/turn              v - ring of teleportation
MPRegen  0.45/turn              G - ring of attention

@: very slightly contaminated
A: no striking features
a: Renounce Religion


You were on level 1 of the Lair of Beasts.
You worshipped Vehumet.
Vehumet was most pleased with you.
You were not hungry.

You visited 3 branches of the dungeon, and saw 12 of its levels.
You also visited: Ossuary and Volcano.

You collected 877 gold pieces.

Inventory:

Hand Weapons
 u - a +4 whip
   (You took it off an orc on level 3 of the Dungeon)
 x - a +0 dagger of venom
   (You took it off a goblin on level 3 of the Dungeon)
 I - a +3 demon blade of venom (weapon)
   (You found it on level 8 of the Dungeon)
Missiles
 b - 29 poisoned darts (quivered)
 C - 2 throwing nets
Armour
 g - a +0 cloak (worn)
   (You took it off Crazy Yiuf on level 5 of the Dungeon)
 w - a +0 pair of boots (worn)
   (You found it on level 4 of the Dungeon)
 A - a +0 robe of fire resistance (worn)
   (You took it off an orc wizard on level 5 of the Dungeon)
 B - a +1 cloak of fire resistance
   (You found it in a volcano)
 D - a +0 helmet (worn)
   (You found it on level 7 of the Dungeon)
 E - a +0 pair of gloves
   (You found it on level 7 of the Dungeon)
 K - the -5 pair of gloves of Anuleicso (worn) {Int+5 Dex+4}
   (You acquired it on level 9 of the Dungeon)

   It affects your intelligence (+5).
   It affects your dexterity (+4).
Jewellery
 h - an uncursed amulet of harm
   (You took it off a goblin on level 1 of the Dungeon)
 q - an amulet of magic regeneration (around neck)
   (You found it on level 2 of the Dungeon)
 v - a ring of teleportation (left hand)
   (You found it on level 4 of the Dungeon)
 F - the ring of the Moon {rPois Int+3 Stlth+}
   (You found it on level 8 of the Dungeon)

   [ring of stealth]

   It affects your intelligence (+3).
   It protects you from poison.
   It makes you more stealthy.
 G - a ring of attention (right hand)
   (You found it on level 8 of the Dungeon)
Wands
 r - a wand of flame (55)
   (You took it off Natasha on level 2 of the Dungeon)
 L - a wand of disintegration (15)
   (You found it on level 8 of the Dungeon)
Scrolls
 d - 2 scrolls of magic mapping
 j - 3 scrolls of amnesia
 l - 2 scrolls of enchant weapon
 o - 2 scrolls of fear
 p - a scroll of enchant armour
 t - 4 scrolls of immolation
 y - a scroll of identify
 J - 2 scrolls of teleportation
Potions
 e - 5 potions of curing
 f - 2 potions of haste
 i - 2 potions of mutation
 k - 4 potions of flight
 m - a potion of invisibility
 n - 3 potions of agility
 s - 3 potions of lignification
 z - 2 potions of cancellation
 M - a potion of brilliance {unknown}
Comestibles
 c - 19 rations


   Skills:
 + Level 5.4 Fighting
 + Level 8.3 Dodging
 - Level 2.4 Stealth
 - Level 9.1 Spellcasting
 - Level 13.5 Conjurations
 - Level 10.6 Fire Magic


You had 16 spell levels left.
You knew the following spells:

 Your Spells              Type           Power        Failure   Level  Hunger
a - Flame Tongue          Conj/Fire      #####        1%          1    None
c - Conjure Flame         Conj/Fire      ######..     1%          3    None
d - Sticky Flame          Conj/Fire      ######..     1%          4    None
e - Fireball              Conj/Fire      ######....   1%          5    ###....

Your spell library contained the following spells:

 Spells                   Type           Power        Failure   Level  Hunger
 Dazzling Spray           Conj/Hex       ######       1%          3    None
 Throw Flame              Conj/Fire      ######       1%          2    None
 Inner Flame              Hex/Fire       #####...     1%          3    None
 Mephitic Cloud           Conj/Pois/Air  #####...     1%          3    None
 Corona                   Hex            ##.....      3%          1    None
 Ensorcelled Hibernation  Hex/Ice        ##....       5%          2    None
 Poisonous Vapours        Pois/Air       ##....       5%          2    None
 Confuse                  Hex            ##......     11%         3    None
 Tukima's Dance           Hex            ##......     11%         3    None
 Freezing Cloud           Conj/Ice/Air   #####.....   22%         6    #####..
 Ring of Flames           Chrm/Fire      #####.....   98%         7    ######.


Dungeon Overview and Level Annotations

Branches:
Dungeon (10/15)            Temple (1/1) D:6            Lair (1/6) D:9
    Orc: D:9-12

Altars:
Ashenzari
Cheibriados
Dithmenos
Elyvilon
Fedhas
Gozag
Hepliaklqana
Kikubaaqudgha
Makhleb
Nemelex Xobeh
Okawaru
Qazlal
Ru
Sif Muna
Trog
Uskayaw
Vehumet
Wu Jian
Xom
Yredelemnul
Zin
The Shining One

Shops:
D:6 [   D:7 [

Annotations:
D:5 2 transporters, anet's ghost, amateur DEWz
Lair:1 Linguinho's ghost, novice GrBe


Message History

Enter note: gotta love centaur warrior, ugly thing and cyclops on d:9 Unknown command.
Okay, then.
Found 10 gold pieces.
There is a dark tunnel here.
The world spins around you as you enter the gateway.
You enter a volcano!
Found four items.
Found two rocky tunnels leading out of this place.
There is a rock-blocked tunnel here.
Found a scroll of noise.
A salamander comes into view. It is wielding a +0 halberd.
Found a chain mail of fire resistance and a great sword of flaming.
A salamander comes into view.
Found a rocky tunnel leading out of this place.
You see here a cloak of fire resistance.
B - a cloak of fire resistance The salamander wields a +0 shortbow of flaming.
It bursts into flame!
The salamander shoots an arrow.
The arrow barely misses you.
Evoke which item? (* to show all) (? for menu, Esc to quit)
Okay, then.
The salamander unwields a +0 shortbow of flaming.
It stops flaming.
The salamander completely misses you. The salamander misses you.
You riposte.
You hit the salamander.
The salamander is poisoned.
The salamander is lightly wounded.
The salamander hits you!
You are engulfed in flames.
You resist.
The salamander hits you with a +0 halberd!
You are engulfed in flames.
You resist.
* * * LOW HITPOINT WARNING * * *
There is a rocky tunnel leading out of this place here.
The salamander hits you with a +0 halberd!
* * * LOW HITPOINT WARNING * * *
You are engulfed in flames.
You resist.
* * * LOW HITPOINT WARNING * * *
The salamander hits you.
* * * LOW HITPOINT WARNING * * *
You are engulfed in flames!
You resist.
* * * LOW HITPOINT WARNING * * *
Welcome back to the Lair of Beasts!
Level annotation: Linguinho's ghost, novice GrBe
There is a collapsed entrance here.
Blink to where?
Press: ? - help, Dir - move target cursor You are very lightly contaminated with residual magic.
As you read the scroll of blinking, it crumbles to dust.
The salamander wields a +0 shortbow of flaming.
It bursts into flame!
The salamander shoots an arrow.
The arrow hits you!
You die...

≈...........###.#P###.# ##
.###.#P.#....##.#####... P# #
.##..###..........#..... ..
.#
###..####....##..##.≈≈.##.≈
..# #
##..###...#........≈..≈≈#...P
#..............#...≈≈#.....#
#####P...###.....#..N......#
####.........≈≈#§#....
#.....@.≈§...#N.....#
##........#....#≈....#
#.............#.§##.$#
##.........#.....≈.P.#
#.......#...........
#........#........#.
..........#.#.....#..
.#########.#.....!###. #.#.
#W#.H#.....#.##


You could see a salamander.

Vanquished Creatures
  A centaur warrior (D:9)
  A cyclops (D:9)
  An ugly thing (D:9)
  A moth of wrath (shapeshifter) (D:9)
  A gargoyle (D:9)
  2 trolls (D:10)
  A hippogriff (D:9)
  A spriggan (D:9)
  4 yaks (D:9)
  Eustachio (D:4)
  A wyvern (D:9)
  A steam dragon (D:9)
  Duvessa (D:7)
  2 sky beasts
  3 orc warriors
  A black bear (D:7)
  6 ice beasts
  7 ogres
  A phantom (D:5)
  2 necrophages (D:9)
  A wolf (D:9)
  2 crocodiles
  3 centaurs
  A big kobold (D:8)
  5 bullfrogs
  An elf zombie (Ossuary)
  A gnoll sergeant (D:7)
  Dowan (D:7)
  2 scorpions
  A wyvern skeleton (D:7)
  2 howler monkeys
  An electric eel (Lair:1)
  4 crimson imps
  A bullfrog zombie (D:9)
  A jelly (D:8)
  3 centaur zombies
  Crazy Yiuf (D:5)
  3 bullfrog skeletons
  A human zombie (Ossuary)
  3 orc priests
  3 hounds
  3 centaur skeletons
  6 iguanas
  11 orc wizards
  Natasha (thrice) (D:2)
  7 worker ants
  3 hound zombies
  A hound skeleton (D:9)
  4 mummies (Ossuary)
  6 gnolls
  13 adders
  A shadow imp (D:9)
  3 adder zombies
  2 worms
  2 adder skeletons (D:7)
  A dart slug (D:2)
  7 leopard geckos
  35 orcs
  12 bats
  10 giant cockroaches
  A gnoll zombie (Ossuary)
  7 goblins
  8 hobgoblins
  7 jackals
  11 kobolds
  6 quokkas
  8 frilled lizards
  2 jackal zombies (Ossuary)
  3 kobold zombies (Ossuary)
  2 leopard gecko skeletons
  An orc zombie (Ossuary)
  11 rats
  A rat zombie (Ossuary)
278 creatures vanquished.

Vanquished Creatures (others)
  An orc wizard (D:8)
1 creature vanquished.

Grand Total: 279 creatures vanquished

Notes
Turn   | Place    | Note
-------+----------+-------------------------------------------
     0 | D:1      | Flugkiller the Deep Elf Fire Elementalist began the quest
                  | for the Orb.
     0 | D:1      | Reached XP level 1. HP: 10/10 MP: 6/6
   483 | D:1      | Reached XP level 2. HP: 15/15 MP: 0/8
   929 | D:1      | Reached skill level 2 in Conjurations
  1344 | D:2      | Reached XP level 3. HP: 19/19 MP: 4/9
  1404 | D:2      | Learned a level 3 spell: Conjure Flame
  1493 | D:2      | Found a glowing silver altar of Zin.
  1543 | D:2      | Found a glowing golden altar of the Shining One.
  1565 | D:2      | Found a blossoming altar of Fedhas.
  1636 | D:2      | Noticed Natasha
  1762 | D:2      | Killed Natasha
  1762 | D:2      | Reached XP level 4. HP: 15/24 MP: 6/11
  1973 | D:2      | Noticed Natasha
  1987 | D:2      | Killed Natasha
  1987 | D:2      | Reached skill level 3 in Conjurations
  2034 | D:2      | Found a glowing silver altar of Zin.
  2077 | D:2      | Found a glowing golden altar of the Shining One.
  2100 | D:2      | Found a blossoming altar of Fedhas.
  2114 | D:2      | Noticed Natasha
  2126 | D:2      | Killed Natasha
  2276 | D:2      | Learned a level 4 spell: Sticky Flame
  2557 | D:3      | Found a sacrificial altar of Ru.
  2586 | D:3      | Reached XP level 5. HP: 28/28 MP: 10/13
  3181 | D:3      | Reached skill level 5 in Fire Magic
  3243 | D:3      | Found an iron altar of Okawaru.
  3274 | D:3      | Found a shimmering altar of Xom.
  3777 | D:4      | Found an ornate altar of the Wu Jian Council.
  3790 | D:4      | Noticed an ogre
  3791 | D:4      | Noticed Eustachio
  3815 | D:3      | Killed an ogre
  3815 | D:3      | Reached skill level 4 in Conjurations
  3815 | D:3      | Reached XP level 6. HP: 32/32 MP: 7/14
  4158 | D:4      | Killed Eustachio
  4158 | D:4      | Reached skill level 5 in Spellcasting
  4158 | D:4      | Reached skill level 5 in Conjurations
  4301 | D:4      | Reached XP level 7. HP: 25/36 MP: 13/16
  5296 | D:5      | Entered Level 5 of the Dungeon
  5613 | D:5      | Found a sand-covered staircase.
  5653 | Ossuary  | Entered an ossuary
  5745 | Ossuary  | Reached skill level 6 in Conjurations
  6079 | D:5      | Reached XP level 8. HP: 39/41 MP: 16/19
  6213 | D:5      | Found a transporter.
  6213 | D:5      | Noticed anet's ghost (amateur DEWz)
  6339 | D:5      | Found a stormy altar of Qazlal.
  6341 | D:5      | Found a transporter.
  6392 | D:5      | Found a deep blue altar of Sif Muna.
  6401 | D:5      | Noticed a rust devil
  6401 | D:5      | Noticed a rust devil
  6415 | D:6      | Reached skill level 7 in Conjurations
  6651 | D:6      | Found an opulent altar of Gozag.
  6823 | D:6      | Found a staircase to the Ecumenical Temple.
  6832 | Temple   | Entered the Ecumenical Temple
  6882 | Temple   | Became a worshipper of Vehumet
  6934 | D:6      | Found Vaojim's Antique Armour Emporium.
  7758 | D:5      | Found an ancient bone altar of Kikubaaqudgha.
  7856 | D:5      | Found a runed translucent door.
  7857 | D:5      | Noticed Crazy Yiuf
  7971 | D:5      | Killed Crazy Yiuf
  8111 | D:6      | Noticed a moth of wrath
  8114 | D:6      | Found a bloodstained altar of Trog.
  8485 | D:7      | Reached skill level 8 in Conjurations
  8694 | D:7      | Noticed Dowan
  8695 | D:7      | Noticed Duvessa
  8709 | D:7      | Killed Dowan
  8709 | D:7      | Reached XP level 9. HP: 38/45 MP: 12/22
  8719 | D:7      | Killed Duvessa
  8994 | D:7      | Found Botiev's Antique Armour Shoppe.
  9488 | D:8      | Reached skill level 9 in Conjurations
  9491 | D:8      | Reached * piety under Vehumet
  9491 | D:8      | Offered knowledge of Freeze by Vehumet.
  9909 | D:8      | Found a shattered altar of Ashenzari.
  9936 | D:8      | Identified the ring of the Moon {rPois Int+3 Stlth+} (You
                  | found it on level 8 of the Dungeon)
 10094 | D:8      | Reached skill level 10 in Fire Magic
 10431 | D:8      | Reached skill level 10 in Conjurations
 10787 | D:8      | Reached XP level 10. HP: 50/50 MP: 19/24
 10877 | D:9      | Noticed a cyclops
 10877 | D:9      | Noticed a centaur warrior
 10877 | D:9      | Noticed a gargoyle
 10877 | D:9      | Noticed a brown ugly thing
 10946 | D:9      | Offered knowledge of Sandblast by Vehumet.
 10950 | D:9      | Reached ** piety under Vehumet
 11195 | D:9      | Reached skill level 1 in Fighting
 11221 | D:9      | Learned a level 5 spell: Fireball
 11540 | D:9      | Killed a cyclops
 11545 | D:9      | Noticed a moth of wrath
 11552 | D:9      | Killed a moth of wrath
 11552 | D:9      | Reached skill level 5 in Dodging
 11864 | D:9      | Found a staircase to the Lair.
 11877 | D:9      | Killed a gargoyle
 11961 | D:9      | Killed a brown ugly thing
 11964 | D:9      | Offered knowledge of Dazzling Spray by Vehumet.
 12038 | D:9      | Killed a centaur warrior
 12042 | D:9      | Reached XP level 11. HP: 42/61 MP: 12/26
 12048 | D:9      | Reached *** piety under Vehumet
 12158 | D:9      | Identified a scroll of acquirement
 12159 | D:9      | Got a pair of ichor-stained gloves
 12169 | D:9      | Identified the -5 pair of gloves of Anuleicso {Int+5 Dex+4}
                  | (You acquired it on level 9 of the Dungeon)
 12174 | D:9      | Reached skill level 5 in Fighting
 12584 | D:9      | Reached skill level 13 in Conjurations
 12584 | D:9      | Reached XP level 12. HP: 67/67 MP: 27/27
 12590 | D:10     | Entered Level 10 of the Dungeon
 12639 | D:10     | Noticed a death yak
 12777 | Lair:1   | Entered Level 1 of the Lair of Beasts
 12799 | Lair:1   | FINALLY REMOVE CURSE
 12799 | Lair:1   | First scroll on fucking lair:1
 12799 | Lair:1   | and of course the first ring I wield ided on accident was
                  | teleportitis
 12898 | Lair:1   | Noticed Linguinho's ghost (novice GrBe)
 12900 | Lair:1   | Noticed a minotaur
 12901 | Lair:1   | Found a dark tunnel.
 12905 | Lair:1   | not to mention I got teleported into that dumb ood vault on
                  | d:9 twice
 12905 | Lair:1   | gotta love centaur warrior, ugly thing and cyclops on d:9
 12911 | Volcano  | Entered a volcano
 12923 | Volcano  | HP: 2/67 [salamander (7)]
 12925 | Lair:1   | Shot with an arrow by a salamander

Levels and vault maps discovered:
D:1:      lightli_arrival_flooded_house, layout_basic, minmay_hexomino_c4
D:2:      layout_basic, fedhas_altar_1, tso_oasis_becter, lemuel_doored_altar,
          chequers_serial_rivers_small_a, uniq_natasha
D:3:      minmay_thinvault, layout_loops_corners, okawaru_trees_1,
          lemuel_coloured_pillars_altar, nicolae_ru_awakened_eye
D:4:      layout_basic, nicolae_overflow_crystal_walls, first_ration,
          serial_bayou_pond_d, uniq_eustachio
D:5:      cheibrodos_iron_armory, layout_gridville, kennysheep_mini,
          lemuel_round_altar, kennysheep_little_box,
          nicolae_ossuary_entry_false_entrances, gammafunk_ghost_arena,
          kennysheep_donut, uniq_crazy_yiuf_cottage
D:6:      layout_basic, overflow_temple_1_default, tgw_trog,
          minmay_temple_entry_butterflies, serial_shops, nicolae_shop_trees
D:7:      layout_basic, serial_shops, kennysheep_mini_moat,
          kennysheep_generic_room_4, uniq_duvessa
D:8:      minmay_octagon_keep, layout_basic, old_standard_altar
D:9:      minmay_the_grid_net [minmay_the_grid_gridbox, minmay_the_grid_rooms,
          minmay_the_grid_zigzags, minmay_the_grid_dragon_a,
          minmay_the_grid_outer_circle, minmay_the_grid_prize_big_room],
          layout_long_grid, the_bakery
D:10:     minmay_clustersquares, layout_basic, serial_ice, serial_ice_k,
          serial_ice_g, serial_ice_e, serial_ice_o
Temple:   eino_wide_crystal_templ
Lair:1:   layout_loops_ring, nicolae_volcano_entry_lava_flow,
          maelrawn_ghost_gauntlet_escape, st_stairs_10,
          chequers_serial_rivers_marsh, serial_bayou_lagoon_b,
          infiniplex_staircase_pool

Skill      XL: |  1  2  3  4  5  6  7  8  9 10 11 |
---------------+----------------------------------+-----
Conjurations   | 2 3 4 5 6 8 10 13 | 13.5
Fire Magic     | 4 5 6 7 8 10 | 10.6
Spellcasting   | 4 5 6 7 8 9 |  9.1
Dodging        | 7 8 |  8.3
Fighting       | 4 5 |  5.4
Stealth        | |  2.4

Action                   |  1- 3 |  4- 6 |  7- 9 | 10-12 || total
-------------------------+-------+-------+-------+-------++-------
Melee: Unarmed           |     5 |       |    26 |       ||    31
       Whip              |       |     2 |       |       ||     2
       Dagger            |       |       |   125 |       ||   125
       Demon blade       |       |       |       |    23 ||    23
 Cast: Flame Tongue      |    74 |   100 |   315 |   106 ||   595
       Conjure Flame     |       |     1 |    15 |     5 ||    21
       Sticky Flame      |       |     1 |    35 |    23 ||    59
       Fireball          |       |       |       |    18 ||    18
  Use: Scroll            |       |    12 |     8 |     7 ||    27
       Potion            |       |       |     2 |     4 ||     6
 Stab: Distracted        |     1 |       |       |       ||     1
       Sleeping          |       |       |     1 |       ||     1
  Eat: Chunk             |     2 |     5 |    19 |     7 ||    33
       Ration            |       |     1 |     1 |     1 ||     3
Armor: Robe              |    10 |    10 |    68 |    11 ||    99
       Skin              |       |       |    37 |       ||    37
Dodge: Dodged            |    20 |    24 |   160 |    58 ||   262
       Rpst.: Demon blade |       |       |       |    15 ||    15

Table legend:
 A = Non-vault XP
 B = Vault XP
 C = Vault XP percentage of total XP
 D = Non-vault monster count
 E = Vault monster count
 F = Vault count percentage of total count
                 A         B        C        D         E       F
            +---------+---------+-------+---------+---------+-------
      Total |    6735 |    6209 |  48.0 |     196 |      83 |  29.7
            +---------+---------+-------+---------+---------+-------
        D:1 |      23 |       9 |  28.1 |      13 |       5 |  27.8
        D:2 |     116 |      36 |  23.7 |      21 |       1 |   4.5
        D:3 |     164 |      65 |  28.4 |      12 |      20 |  62.5
        D:4 |     367 |     202 |  35.5 |      28 |       1 |   3.4
        D:5 |     622 |      41 |   6.2 |      18 |       1 |   5.3
        D:6 |     134 |     146 |  52.1 |       8 |       6 |  42.9
        D:7 |    1048 |     288 |  21.6 |      24 |       4 |  14.3
        D:8 |    1524 |     614 |  28.7 |      37 |       7 |  15.9
        D:9 |    2058 |    4571 |  69.0 |      32 |      22 |  40.7
       D:10 |     624 |       0 |   0.0 |       2 |       0 |   0.0
     Lair:1 |      55 |       0 |   0.0 |       1 |       0 |   0.0
    Ossuary |       0 |     237 | 100.0 |       0 |      16 | 100.0
            +---------+---------+-------+---------+---------+-------
